 Dungeon Crawl Stone Soup version 0.29.1-1-gd02db6906a (webtiles) character file.

Game seed: 6674223638224570489

7373 DemonSlayer the Thaumaturge (level 10, -11/68 HPs)
             Began as a Demonspawn Fire Elementalist on Sept 15, 2022.
             Was a Priest of Cheibriados.
             Killed by divine providence
             ... invoked by a meliai
              (15 damage)
             ... on level 9 of the Dungeon.
             The game lasted 00:25:11 (12109 turns).

DemonSlayer the Thaumaturge (DsFE)                 Turns: 12109, Time: 00:25:11

Health: -11/68     AC: 11    Str: 16    XL:     10   Next: 91%
Magic:  21/24      EV: 17    Int: 29    God:    Cheibriados [***...]
Gold:   1760       SH:  0    Dex: 22    Spells: 4/29 levels left

rFire   . . .      SeeInvis .   p - +9 short sword (elec)
rCold   . . .      Faith    .   (no shield)
rNeg    + . .      Spirit   .   z - +1 acid dragon scales
rPois   .          Reflect  .   h - +0 helmet
rElec   .          Harm     .   (no cloak)
rCorr   +          Rampage  .   y - +0 pair of gloves
Will    .....                   (no boots)
Stlth   +++.......              (no amulet)
HPRegen 0.21/turn               e - ring of positive energy
MPRegen 0.19/turn               u - +4 ring of evasion

@: studying Fighting, very slow
A: claws 1, icy blue scales 1, powered by death 2, demonic magic 3
a: Renounce Religion, Bend Time, Temporal Distortion


You were on level 9 of the Dungeon.
You worshipped Cheibriados.
Cheibriados was most pleased with you.
You visited 1 branch of the dungeon, and saw 9 of its levels.
You also visited: Bailey.

You collected 1760 gold pieces.

Inventory:

Hand Weapons
 p - a +9 short sword of electrocution (weapon)
 B - a +3 war axe of flaming
Missiles
 m - 27 javelins
 s - a curare-tipped dart
Armour
 h - a +0 helmet (worn)
 x - the +0 plate armour of the Fiend {rCorr}
   (You found it on level 6 of the Dungeon)

   rCorr:     It protects you from acid and corrosion.
 y - a +0 pair of gloves (worn)
 z - +1 acid dragon scales (worn)
Jewellery
 e - a ring of positive energy (left hand)
 t - a ring of willpower
 u - a +4 ring of evasion (right hand)
Wands
 i - a wand of light (7)
Scrolls
 b - 2 scrolls of amnesia
 g - 2 scrolls of butterflies
 l - a scroll of silence
 A - a scroll of teleportation
Potions
 a - 2 potions of resistance
 c - 5 potions of curing
 f - 2 potions of might
 n - 2 potions of cancellation {unknown}
 q - 2 potions of flight {unknown}
 r - 3 potions of mutation {unknown}
 v - a potion of heal wounds {unknown}
 w - a potion of brilliance {unknown}
Miscellaneous
 j - a phantom mirror


   Skills:
 + Level 2.5 Fighting
 + Level 3.7 Short Blades
 + Level 0.8 Axes
 + Level 1.1 Throwing
 + Level 2.7 Armour
 + Level 3.7 Dodging
 + Level 5.5 Stealth
 + Level 10.2 Spellcasting
 + Level 3.3 Conjurations
 + Level 8.1 Fire Magic
 + Level 1.1 Evocations


You had 4 spell levels left.
You knew the following spells:

 Your Spells              Type           Power      Damage    Failure   Level
a - Foxfire               Conj/Fire      100%       2x1d9     1%          1
b - Scorch                Fire           100%       2d10      1%          2
c - Conjure Flame         Conj/Fire      48%        6-21      1%          3
d - Dispel Undead         Necr           14%        3d10      45%         4
e - Flame Wave            Conj/Fire      48%        2d12      4%          4
f - Cause Fear            Hex            7%         N/A       45%         4
g - Frozen Ramparts       Ice            28%        1d5       16%         3
h - Hailstorm             Conj/Ice       24%        3d7       24%         4

Your spell library contained the following spells:

 Spells                   Type           Power      Damage    Failure   Level
 Inner Flame              Hex/Fire       38%        N/A       2%          3
 Freeze                   Ice            56%        1d7       4%          1
 Corpse Rot               Necr/Pois/Air  14%        N/A       45%         4
 Death Channel            Necr           7%         N/A       100%        6
 Discord                  Hex            7%         N/A       100%        8


Dungeon Overview and Level Annotations

Branches:
Dungeon (9/15)             Temple (0/1) D:6          Bailey (visited)
   Lair: D:8-11         Orc: D:9-12

Altars:
Cheibriados
Fedhas
Sif Muna
Vehumet
Wu Jian

Shops:
D:1 (   D:4 *


Innate Abilities, Weirdness & Mutations

You have sharp fingernails.
You are partially covered in icy blue scales. (AC +2)
You regenerate health from kills.
Spells you cast and wands you use may paralyse nearby enemies.


Message History

Your vampire dissolves into shadows!
The meliai barely misses your wight. The meliai stings your wight.
Your wight misses the meliai.
Unknown command.
Unknown command.
Unknown command.
Unknown command.
You swap places.
The meliai hits your wight with a +0 war axe.
The meliai stings your wight.
Your wight is destroyed!
Your wight dissolves into shadows!
The meliai barely misses your wight.
The meliai stings your wight but does no damage.
The meliai hits your wight with a +0 war axe.
The meliai stings your wight.
Your wight hits the meliai with a +0 battleaxe!
Your wight drains the meliai.
Your wight hits the meliai with a +0 battleaxe.
The meliai hits your wight with a +0 war axe!
Your wight is destroyed!
Your wight dissolves into shadows!
The meliai barely misses something.
The meliai hits something with a +0 hand axe!
The meliai stings something.
The meliai poisons something!
The meliai hits something with a +0 hand axe!
The meliai completely misses something.
The meliai calls down the wrath of its god upon something.
Unknown command.
Unknown command.
You swap places.
The meliai is no longer more vulnerable to fire.
The meliai invokes the aid of its god against you.
Something smites you!
* * * LOW HITPOINT WARNING * * *
The meliai hits your wight with a +0 war axe!
The meliai stings your wight!
Your wight barely misses the meliai.
The meliai calls down the wrath of its god upon you.
Something smites you!
You die...

#..>..).≈####+####≈#
#....)..## ##
#.......# ####.####
##..#### # #......#
#. #..)...## ##>.
#..)....#### #....
#.......z@z#
......####
#.......##z#
......'...
#.......##y##
......####
#.......##yy# .....
#.......###.'o..o...
#.......# ###..>...
#####'### ###'## ..
.#


You could see 3 meliai and 3 friendly wights.

Vanquished Creatures
  Maggie (D:8)
  A kobold demonologist (D:9)
  2 hornets (D:9)
  A vampire (D:9)
  A shadow (D:8)
  2 yaks (D:9)
  Eustachio (D:5)
  An acid dragon (D:8)
  4 water moccasins
  Duvessa (D:7)
  3 sky beasts
  2 black bears
  15 orc warriors
  An ogre (D:7)
  10 centaurs (Bailey)
  A phantom (D:7)
  3 kobold brigands
  A necrophage (D:5)
  3 scorpions
  8 wights (D:7)
  Dowan (D:7)
  10 killer bees (D:8)
  3 hounds (D:5)
  2 jellies
  3 orc priests
  2 gnoll boudas (D:5)
  6 iguanas
  7 orc wizards
  9 gnolls (D:5)
  4 adders
  3 river rats (D:6)
  A white imp (D:7)
  5 worms
  5 dart slugs
  45 orcs
  14 ball pythons
  3 bats
  3 endoplasms
  A giant cockroach (D:1)
  11 goblins
  4 hobgoblins
  2 quokkas
  3 frilled lizards
  13 kobolds
  10 rats
232 creatures vanquished.

Vanquished Creatures (others)
  390 foxfires
390 creatures vanquished.

Grand Total: 622 creatures vanquished

Notes
Turn   | Place    | Note
-------+----------+-------------------------------------------
     0 | D:1      | DemonSlayer the Demonspawn Fire Elementalist began the
                  | quest for the Orb.
     0 | D:1      | Reached XP level 1. HP: 13/13 MP: 3/3
   134 | D:1      | Found Milailuh's Weapon Boutique.
   175 | D:1      | Gained mutation: You have sharp fingernails. [demonic
                  | ancestry]
   175 | D:1      | Reached XP level 2. HP: 8/19 MP: 3/5
   383 | D:1      | Found a faded altar of an unknown god.
   405 | D:1      | Learned a level 2 spell: Scorch
  1645 | D:2      | Gained mutation: You regenerate a little health from kills.
                  | [demonic ancestry]
  1645 | D:2      | Reached XP level 3. HP: 24/24 MP: 2/6
  2219 | D:2      | Learned a level 3 spell: Conjure Flame
  2350 | D:3      | Found a snail-covered altar of Cheibriados.
  2372 | D:3      | Became a worshipper of Cheibriados the Contemplative
  2837 | D:3      | Gained mutation: You regenerate health from kills. [demonic
                  | ancestry]
  2837 | D:3      | Reached XP level 4. HP: 23/31 MP: 0/7
  2938 | D:4      | Noticed a water moccasin
  2943 | D:4      | Killed a water moccasin
  2944 | D:4      | Reached skill level 1 in Armour
  2944 | D:4      | Reached skill level 3 in Spellcasting
  2944 | D:4      | Gained mutation: Spells you cast may paralyse adjacent
                  | enemies. [demonic ancestry]
  2944 | D:4      | Reached XP level 5. HP: 35/36 MP: 1/9
  3359 | D:4      | Found Gexelo's Overcharged Wands.
  3629 | D:4      | Noticed a water moccasin
  3633 | D:4      | Killed a water moccasin
  3634 | D:4      | Gained mutation: Spells you cast may paralyse nearby
                  | enemies. [demonic ancestry]
  3634 | D:4      | Reached XP level 6. HP: 32/42 MP: 1/11
  3805 | D:4      | Reached * piety under Cheibriados
  4088 | D:4      | Noticed a water moccasin
  4095 | D:4      | Killed a water moccasin
  4096 | D:4      | Reached skill level 1 in Short Blades
  4096 | D:4      | Reached skill level 4 in Spellcasting
  4104 | D:4      | Gained mutation: Spells you cast and wands you use may
                  | paralyse nearby enemies. [demonic ancestry]
  4104 | D:4      | Reached XP level 7. HP: 38/47 MP: 0/13
  4416 | D:4      | Learned a level 4 spell: Dispel Undead
  4421 | D:4      | Learned a level 4 spell: Flame Wave
  4432 | D:5      | Entered Level 5 of the Dungeon
  4444 | D:5      | Reached skill level 1 in Fighting
  4683 | D:5      | Reached skill level 5 in Fire Magic
  4791 | D:5      | Reached skill level 5 in Spellcasting
  4804 | D:5      | Reached XP level 8. HP: 42/54 MP: 12/15
  4996 | D:5      | Noticed Eustachio
  5003 | D:5      | Killed Eustachio
  5285 | D:5      | Found a radiant altar of Vehumet.
  5286 | D:5      | Found a blossoming altar of Fedhas.
  5288 | D:5      | Found an ornate altar of the Wu Jian Council.
  5288 | D:5      | Found a shimmering blue altar of Sif Muna.
  5315 | D:5      | Learned a level 4 spell: Cause Fear
  5345 | D:6      | Reached skill level 6 in Spellcasting
  5423 | D:6      | Found a staircase to the Ecumenical Temple.
  5544 | D:6      | Identified the +0 plate armour of the Fiend {rCorr}
  7178 | D:7      | Gained mutation: You are partially covered in icy blue
                  | scales. (AC +2) [demonic ancestry]
  7178 | D:7      | Reached XP level 9. HP: 60/60 MP: 14/19
  7223 | D:7      | Reached skill level 7 in Spellcasting
  7344 | D:7      | Found a flagged portal.
  7370 | Bailey   | Entered a bailey
  7374 | Bailey   | Reached ** piety under Cheibriados
  7842 | Bailey   | Reached skill level 8 in Spellcasting
  8429 | Bailey   | Reached skill level 1 in Evocations
  8441 | Bailey   | Reached XP level 10. HP: 67/67 MP: 2/22
  8615 | Bailey   | Reached skill level 1 in Throwing
  9248 | Bailey   | Reached skill level 9 in Spellcasting
  9358 | Bailey   | Learned a level 3 spell: Frozen Ramparts
  9363 | Bailey   | Learned a level 4 spell: Hailstorm
  9639 | D:7      | Noticed Dowan
  9646 | D:7      | Noticed Duvessa
  9647 | D:7      | Killed Duvessa
  9651 | D:7      | Killed Dowan
  9652 | D:7      | Reached skill level 5 in Stealth
 10161 | D:8      | Noticed Maggie
 10170 | D:8      | Killed Maggie
 10170 | D:8      | Reached *** piety under Cheibriados
 11420 | D:8      | Identified a scroll of acquirement
 11420 | D:8      | Acquired 1103 gold pieces
 11531 | D:9      | Reached skill level 10 in Spellcasting
 12109 | D:9      | Killed from afar by a meliai

Illustrated notes

Levels and vault maps discovered:
D:1:      dpeg_arrival_pits, layout_basic, basic_ecumenical_altar, serial_shops,
          nicolae_shop_advertising_works [nicolae_subvault_shop_adworks],
          minmay_shallow_snake_nest
D:2:      layout_loops_cross
D:3:      layout_basic, nicolae_overflow_crystal_walls
D:4:      kb_forest_paths, layout_basic, zin_scriptorium,
          corexii_leaking_fountain, nicolae_shop_overcharged_wands
D:5:      layout_rooms, chequers_temple_overflow_statue_of_worship,
          uniq_eustachio
D:6:      layout_layer_cave, mainiacjoe_overflow_boulevard,
          minmay_temple_entry_large_hall, lightli_sewer_entry_pipes,
          minmay_liquid_box
D:7:      layout_basic, enter_bailey_5, uniq_duvessa
D:8:      layout_cave_pools, grunt_ministairs_2, palyth_stone_intersect,
          skrybe_limestone_x, hangedman_decor_points, uniq_maggie
D:9:      layout_roguey [special_room_orc], lightli_temple_of_fire, hex_medium

Skill      XL: |  1  2  3  4  5  6  7  8  9 10 |
---------------+-------------------------------+-----
Fire Magic     | 3 4 5 6 8 |  8.1
Stealth        | 2 3 4 5 |  5.5
Dodging        | 2 3 |  3.7
Armour         | 1 2 |  2.7
Spellcasting   | 3 4 5 6 8 10 | 10.2
Conjurations   | 2 3 |  3.3
Short Blades   | 1 2 3 |  3.7
Fighting       | 1 2 |  2.5
Evocations     | 1 |  1.1
Throwing       | 1 |  1.1
Axes           | |  0.8

Action                   |  1- 3 |  4- 6 |  7- 9 | 10-12 || total
-------------------------+-------+-------+-------+-------++-------
Melee: Hand axe          |    24 |       |       |       ||    24
       Battleaxe         |    18 |       |       |       ||    18
       Short sword       |    19 |    22 |   109 |    28 ||   178
       Punch             |       |       |     2 |       ||     2
Throw: Dart              |       |       |     6 |     1 ||     7
 Cast: Foxfire           |   103 |       |    87 |    45 ||   235
       Scorch            |     3 |    31 |   117 |    86 ||   237
Evoke: Wand              |       |       |     6 |     2 ||     8
  Use: Scroll            |       |       |    16 |     8 ||    24
       Potion            |       |       |     2 |       ||     2
 Stab: Sleeping          |     2 |       |     3 |     1 ||     6
       Paralysed         |       |     5 |    28 |    14 ||    47
Armor: Leather armour    |    28 |     7 |    29 |    12 ||    76
       Robe              |     2 |       |       |       ||     2
       Acid dragon scale |       |       |       |     1 ||     1
Dodge: Dodged            |    48 |    25 |   125 |    70 ||   268
